 Dungeon Crawl Stone Soup version 0.22-a0-456-g11ed031 (webtiles) character file.

70 pk666 the Firebug (level 4, 0/24 HPs)
             Began as a Deep Elf Fire Elementalist on June 7, 2018.
             Slain by a jackal (3 damage)
             ... on level 4 of the Dungeon.
             The game lasted 00:03:58 (1635 turns).

pk666 the Firebug (Deep Elf Fire Elementalist)      Turns: 1635, Time: 00:03:59

Health: 0/24       AC:  2    Str:  5    XL:     4   Next: 3%
Magic:  7/11       EV: 13    Int: 21    God:
Gold:   34         SH:  0    Dex: 15    Spells: 9/10 levels left

rFire    . . .     SeeInvis .   (no weapon)
rCold    . . .     Gourm    .   (no shield)
rNeg     . . .     Faith    .   a - +0 robe
rPois    .         Spirit   .   (no helmet)
rElec    .         Reflect  .   (no cloak)
rCorr    .         Harm     .   (no gloves)
MR       .....                  (no boots)
Stlth    ++........             (no amulet)
HPRegen  0.08/turn              (no ring)
MPRegen  0.12/turn              (no ring)

@: no status effects
A: no striking features
a: no special abilities


You were on level 4 of the Dungeon.
You were not hungry.

You visited 1 branch of the dungeon, and saw 3 of its levels.

You collected 34 gold pieces.

Inventory:

Armour
 a - a +0 robe (worn)
Wands
 k - a wand of enslavement (10)
Scrolls
 b - a scroll of immolation {unknown}
 e - a scroll of teleportation {unknown}
 f - a scroll of fear {unknown}
 g - a scroll of fog {unknown}
 h - a scroll of remove curse {unknown}
 j - a scroll of enchant armour {unknown}
Potions
 i - 2 potions of curing {unknown}
Comestibles
 c - 3 rations
 d - 5 chunks of flesh


   Skills:
 - Level 2.4 Dodging
 - Level 2.4 Stealth
 + Level 3.9 Spellcasting
 * Level 3.1 Conjurations
 + Level 3.9 Fire Magic


You had 9 spell levels left.
You knew the following spells:

 Your Spells              Type           Power        Failure   Level  Hunger
a - Flame Tongue          Conj/Fire      ###..        2%          1    None

Your spell library contained the following spells:

 Spells                   Type           Power        Failure   Level  Hunger
 Fireball                 Conj/Fire      ###.......   61%         5    ######.
 Conjure Flame            Conj/Fire      ###.....     9%          3    ###....
 Throw Flame              Conj/Fire      ###...       4%          2    #......
 Sticky Flame             Conj/Fire      ###.....     28%         4    ####...
 Inner Flame              Hex/Fire       ##......     16%         3    ###....


Dungeon Overview and Level Annotations

Branches:
Dungeon (2/15)

Altars:


Message History

The jackal is almost dead.
The jackal completely misses you.
You feel sick. The jackal closely misses you. The jackal completely misses you.
Found a flail.
The jackal bites you but does no damage. x2
You feel sick.
You are no longer poisoned.
The jackal misses you. The ogre misses you. The jackal barely misses you.
The dart slug launches a dart at you. The slug dart misses you.
The jackal closely misses you.
Some of the chunks of flesh in your inventory have rotted away.
The jackal misses you. The jackal barely misses you. x2
The jackal closely misses you. The ogre misses you.
You see here a flail.
The jackal completely misses you. The jackal bites you.
* * * LOW HITPOINT WARNING * * *
The jackal bites you.
You die...

## .# .# .#
#####.####
#####O.h@....#
####...)..h.....#
##................#
#####
#.................#
#...#
##........w.......##
#...#
#.................#
##...#
##$................#
#....##
#..................#
#.....#
##.................#
#.....#


You could see an ogre, a dart slug and 2 jackals.

Vanquished Creatures
  An adder (D:4)
  3 dart slugs (D:1)
  2 leopard geckos
  4 ball pythons
  3 bats (D:1)
  3 giant cockroaches
  4 goblins (D:1)
  6 hobgoblins
  12 jackals
  4 kobolds
  A frilled lizard (D:2)
  3 rats (D:1)
46 creatures vanquished.

Notes
Turn   | Place    | Note
-------+----------+-------------------------------------------
     0 | D:1      | pk666 the Deep Elf Fire Elementalist began the quest for the Orb.
     0 | D:1      | Reached XP level 1. HP: 10/10 MP: 6/6
   186 | D:1      | Reached XP level 2. HP: 12/15 MP: 0/8
   778 | D:1      | Reached XP level 3. HP: 19/19 MP: 8/10
  1567 | D:2      | You fall through a shaft for 2 floors!
  1596 | D:4      | Noticed an ogre
  1609 | D:4      | Reached XP level 4. HP: 11/24 MP: 7/11
  1635 | D:4      | Slain by a jackal

Vault maps used:
D:1:      onia_arrival_handbag
D:2:      minmay_overflow_temple_star_quad, first_ration, uniq_sigmund
D:4:      kennysheep_generic_room_11, uniq_grinder

Skill      XL: |  1  2  3 |
---------------+----------+-----
Conjurations   | 2 3 |  3.1
Dodging        | |  2.4
Stealth        | |  2.4
Spellcasting   | |  3.9
Fire Magic     | |  3.9

Action                   |  1- 3 |  4- 6 || total
-------------------------+-------+-------++-------
Melee: Unarmed           |     1 |       ||     1
 Cast: Flame Tongue      |    69 |     4 ||    73
  Eat: Chunk             |     2 |       ||     2
Armor: Robe              |     2 |     2 ||     4
Dodge: Dodged            |    18 |    16 ||    34

Table legend:
 A = Spawn XP
 B = Non-spawn XP
 C = Spawn XP percentage of total XP
 D = Spawn monster count
 E = Non-spawn monster count
 F = Spawn count percentage of total count
 G = Total turns spent on level
                    A         B        C        D         E        F      G
               +---------+---------+-------+---------+---------+-------+---------
         Total |       0 |     100 |   0.0 |       0 |      46 |   0.0 |  1635
               +---------+---------+-------+---------+---------+-------+---------
           D:1 |       0 |      62 |   0.0 |       0 |      31 |   0.0 |  1217
           D:2 |       0 |      17 |   0.0 |       0 |      10 |   0.0 |   350
           D:4 |       0 |      21 |   0.0 |       0 |       5 |   0.0 |    68
               +---------+---------+-------+---------+---------+-------+---------
